 Dungeon Crawl Stone Soup version 0.20-a0-222-gb69ddcd (webtiles) character file.

1011 Lochraine the Covered (level 8, 0/64 HPs)
             Began as a Hill Orc Fighter on Nov 29, 2016.
             Was a Follower of Yredelemnul.
             Slain by an ogre
             ... wielding a +0 giant spiked club
              (14 damage)
             ... on level 7 of the Dungeon.
             The game lasted 00:12:21 (5133 turns).

Lochraine the Covered (Hill Orc Fighter)            Turns: 5133, Time: 00:12:21

Health: 0/64       AC: 14    Str: 20    XL:     8   Next: 21%
Magic:  11/11      EV:  4    Int:  8    God:    Yredelemnul [*.....]
Gold:   314        SH:  9    Dex: 11    Spells: 7/7 levels left

rFire  . . .     SeeInvis .     s - +0 trident (freeze)
rCold  . . .     Gourm    .     e - +1 plate armour
rNeg   . . .     Faith    .     c - +0 shield
rPois  .         Spirit   .     (no helmet)
rElec  .         Reflect  .     (no cloak)
rCorr  .         Harm     .     (no gloves)
MR     .....                    (no boots)
Stlth  ..........               v - amulet of magic regeneration
                                w - ring of wizardry
                                (no ring)

@: no status effects
A: no striking features
a: Animate Remains, Renounce Religion


You were on level 7 of the Dungeon.
You worshipped Yredelemnul.
Yredelemnul was aware of your devotion.
You were not hungry.

You visited 2 branches of the dungeon, and saw 8 of its levels.

You collected 314 gold pieces.

Inventory:

Hand Weapons
 s - a +0 trident of freezing (weapon)
Armour
 c - a +0 shield (worn)
 e - a +1 plate armour (worn)
Jewellery
 v - an amulet of magic regeneration (around neck)
 w - a ring of wizardry (right hand)
Wands
 x - a wand of flame (8/48)
Scrolls
 b - 2 scrolls of identify
 d - a scroll of teleportation
 j - a scroll of enchant weapon {unknown}
 k - a scroll of enchant armour
 p - 2 scrolls of random uselessness
 q - a scroll of recharging {unknown}
 t - a scroll of fear {unknown}
 y - a scroll of noise {unknown}
 z - a scroll of blinking {unknown}
 A - a scroll of amnesia {unknown}
 C - a scroll of magic mapping {unknown}
Potions
 a - a potion of magic
 g - a potion of berserk rage {unknown}
 m - a potion of cancellation {unknown}
 u - 2 potions of lignification {unknown}
 B - a potion of mutation {unknown}
Comestibles
 f - 2 bread rations
 i - 3 chunks of flesh
 o - 4 fruits


   Skills:
 - Level 3.6 Fighting
 + Level 6.6 Polearms
 + Level 7.4 Armour
 - Level 3.2 Shields
 + Level 4.9 Invocations


You had 7 spell levels left.
You didn't know any spells.

Dungeon Overview and Level Annotations

Branches:
Dungeon (7/15)             Temple (1/1) D:4

Altars:
Cheibriados
Dithmenos
Elyvilon
Fedhas
Gozag
Hepliaklqana
Kikubaaqudgha
Makhleb
Nemelex Xobeh
Okawaru
Qazlal
Ru
Trog
Uskayaw
Yredelemnul
Zin
The Shining One

Annotations:
D:5 Eustachio


Message History

There is a stone staircase leading down here.
You feel sick.
The killer bee stings you but does no damage.
You block the killer bee's attack. The killer bee barely misses you.
The orc wizard gestures wildly while chanting.
The orc wizard blinks!
You block the killer bee's attack.
You climb downwards.
You feel sick.
The ogre hits you with a giant spiked club!
* * * LOW HITPOINT WARNING * * *
There is a stone staircase leading up here.
A ball python comes into view.
The ball python hisses angrily.
The killer bee stings you.
* * * LOW HITPOINT WARNING * * *
The killer bee stings you but does no damage.
You feel better.
The killer bee stings you but does no damage. x3
The ogre hits you with a giant spiked club!
You die...
Your body rises from the dead as a mindless zombie.

#...######
#..........
#.......... ..
#.......... ....
#..........
....####..........
..................
.........yO.....!.
........y@.......
##..............
#.............. #.
#......######## #.
#.....(#
####.#####......#
...........S....#
#.............#
#...........###


You could see an ogre, 2 killer bees and a ball python.

Vanquished Creatures
  A black bear (D:6)
  An ogre (D:6)
  A centaur (D:5)
  A scorpion (D:6)
  A killer bee (D:6)
  3 crimson imps (D:5)
  A jelly (D:5)
  3 orc wizards
  A bullfrog skeleton (D:5)
  3 centaur skeletons
  Ijyb (D:3)
  6 worker ants
  A worker ant zombie (D:5)
  5 adders
  3 worms
  A dart slug (D:2)
  2 leopard geckos
  19 orcs
  2 ball pythons
  4 giant cockroaches
  8 goblins
  6 hobgoblins
  10 jackals
  7 quokkas
  3 bats
  6 frilled lizards
  8 kobolds
  A leopard gecko zombie (D:5)
  4 rats
113 creatures vanquished.

Vanquished Creatures (collateral kills)
  An orc (D:6)
1 creature vanquished.

Grand Total: 114 creatures vanquished

Notes
Turn   | Place    | Note
-------+----------+-------------------------------------------
     0 | D:1      | Lochraine the Hill Orc Fighter began the quest for the Orb.
     0 | D:1      | Reached XP level 1. HP: 19/19 MP: 1/1
   149 | D:1      | Reached XP level 2. HP: 24/26 MP: 2/2
   589 | D:2      | Reached XP level 3. HP: 28/31 MP: 3/3
   591 | D:2      | Reached skill level 4 in Armour
  1277 | D:3      | Reached XP level 4. HP: 37/39 MP: 4/4
  1442 | D:3      | Reached skill level 5 in Armour
  1495 | D:3      | Found a white marble altar of Elyvilon.
  1602 | D:3      | Found a blossoming altar of Fedhas.
  1604 | D:3      | Noticed Ijyb
  1613 | D:3      | Killed Ijyb
  1613 | D:3      | Reached XP level 5. HP: 45/45 MP: 5/5
  2079 | D:4      | Found a staircase to the Ecumenical Temple.
  2106 | Temple   | Entered the Ecumenical Temple
  2288 | D:4      | Reached XP level 6. HP: 37/51 MP: 6/6
  3006 | Temple   | Became a worshipper of Yredelemnul the Dark
  3024 | D:5      | Entered Level 5 of the Dungeon
  3065 | D:5      | Reached skill level 5 in Polearms
  3075 | D:5      | Reached skill level 6 in Armour
  3120 | D:5      | Reached skill level 1 in Invocations
  3337 | D:5      | Reached XP level 7. HP: 37/57 MP: 8/8
  3506 | D:5      | Noticed Eustachio
  3640 | D:5      | Found an iron altar of Okawaru.
  3677 | D:5      | Found a hazy altar of Hepliaklqana.
  3979 | D:6      | Reached * piety under Yredelemnul
  4028 | D:6      | Reached skill level 7 in Armour
  4966 | D:6      | Reached XP level 8. HP: 62/64 MP: 11/11
  5133 | D:7      | Slain by an ogre

Vault maps used:
D:1:      minmay_arrival_open_corners, st_stairs_13
D:2:      hex_large
D:3:      nicolae_overflow_crystal_walls, fedhas_altar_1, uniq_iyjb
D:4:      first_bread
D:5:      grunt_temple_overflow_open, uniq_eustachio
D:6:      vehumet_altar_wand_db, basic_altar
D:7:      serial_shops, shop
Temple:   nicolae_temple_great_sept

Skill      XL: |  1  2  3  4  5  6  7 |
---------------+----------------------+-----
Polearms       | 3 4 5 6 |  6.6
Armour         | 4 5 6 7 |  7.4
Invocations    | 2 4 |  4.9
Fighting       | |  3.6
Shields        | |  3.2

Action                   |  1- 3 |  4- 6 |  7- 9 || total
-------------------------+-------+-------+-------++-------
Melee: Trident           |   195 |   202 |   203 ||   600
Invok: Animate Remains   |       |       |     1 ||     1
Evoke: Wand              |       |       |     8 ||     8
  Use: Scroll            |     1 |       |     6 ||     7
       Potion            |       |       |     6 ||     6
  Eat: Chunk             |     2 |     6 |     4 ||    12
       Meat ration       |       |       |     1 ||     1
Armor: Plate armour      |    79 |   103 |   204 ||   386
Dodge: Dodged            |    27 |    21 |    61 ||   109
Block: Shield            |    64 |   103 |   166 ||   333
